 Dungeon Crawl Stone Soup version 0.29-a0-106-g0a07039 (webtiles) character file.

Game seed: 14263020351205356982

7 HDogLeCool the Skirmisher (level 2, 27/27 HPs)
             Began as a Hill Orc Fighter on Jan 12, 2022.
             Quit the game on level 1 of the Dungeon on Feb 16, 2022.
             The game lasted 00:00:54 (176 turns).

HDogLeCool the Skirmisher (Hill Orc Fighter)         Turns: 176, Time: 00:00:54

Health: 27/27      AC:  6    Str: 18    XL:     2   Next: 0%
Magic:  2/2        EV:  9    Int:  8    God:
Gold:   0          SH:  4    Dex: 10    Spells: 1/1 levels left

rFire   . . .      SeeInvis .   a - +0 war axe
rCold   . . .      Faith    .   c - +0 buckler
rNeg    . . .      Spirit   .   b - +0 scale mail
rPois   .          Reflect  .   (no helmet)
rElec   .          Harm     .   (no cloak)
rCorr   .          Rampage  .   (no gloves)
Will    .....                   (no boots)
Stlth   ..........              (no amulet)
HPRegen 0.09/turn               (no ring)
MPRegen 0.08/turn               (no ring)

@: no status effects
A: no striking features
a: no special abilities


You were on level 1 of the Dungeon.
You visited 1 branch of the dungeon, and saw 1 of its levels.

Inventory:

Hand Weapons
 a - a +0 war axe (weapon)
Armour
 b - a +0 scale mail (worn)
 c - a +0 buckler (worn)
Potions
 d - a potion of might


   Skills:
 + Level 3.7 Fighting
 * Level 2.9 Axes
 + Level 3.3 Armour
 + Level 3.6 Shields


You had one spell level left.
You didn't know any spells.
Your spell library was empty.

Dungeon Overview and Level Annotations

Branches:
Dungeon (1/15)

Altars:


Message History

The ball python barely misses you.
You hit the ball python.
The ball python is moderately wounded.
You block the ball python's attack. The ball python closely misses you.
The ball python barely misses you. The ball python grabs you.
The ball python constricts you. The hobgoblin hits you.
You hit the ball python.
You kill the ball python!
You closely miss the hobgoblin. The hobgoblin closely misses you.
You slash the goblin!
You kill the goblin!
You closely miss the hobgoblin. The hobgoblin closely misses you.
You barely miss the hobgoblin.
The hobgoblin hits you but does no damage.
The hobgoblin closely misses you.
You slash the hobgoblin!
You kill the hobgoblin!
No target in view!
Saving game... please wait.
Welcome back, HDogLeCool the Hill Orc Fighter.
Press ? for a list of commands and other information.
A giant cockroach comes into view.
Things that are here:
a +0 club; a goblin corpse The giant cockroach bites you but does no damage.
You closely miss the giant cockroach. You block the giant cockroach's attack.
The giant cockroach bites you.
You slash the giant cockroach!
You kill the giant cockroach!
You have reached level 2!
HP restored.
Things that are here:
a +0 club; a goblin corpse
Things that are here:
3 stones; a +0 dagger No target in view!
You see here a hobgoblin corpse.
A ball python comes into view.
The ball python hisses angrily.
Are you sure you want to abandon this character and quit the game? (Confirm with "yes".)

....... .......#
##### #......#
#######...# #......#
#.........# #......#
#.........####......#
#...................#
#...................#
#......@..†..)†.....#
........######......#
#...............(...#
#...................#
#................####
#.......#........#
#.....S.#........#
#................#
.#........#


You could see a ball python.

Vanquished Creatures
  A ball python (D:1)
  A giant cockroach (D:1)
  A goblin (D:1)
  A hobgoblin (D:1)
  A frilled lizard (D:1)
  A kobold (D:1)
6 creatures vanquished.

Notes
Turn   | Place    | Note
-------+----------+-------------------------------------------
     0 | D:1      | HDogLeCool the Hill Orc Fighter began the quest for the
                  | Orb.
     0 | D:1      | Reached XP level 1. HP: 19/19 MP: 1/1
   117 | D:1      | Upgraded the game from 0.28-a0-1487-g0a3215c to
                  | 0.29-a0-106-g0a07039
   131 | D:1      | Reached XP level 2. HP: 24/27 MP: 2/2
   176 | D:1      | Quit the game

Illustrated notes

Levels and vault maps discovered:
D:1:      dpeg_arrival_water_fire, layout_basic

Action                   || total
-------------------------++-------
Melee: War axe           ||    11
Armor: Scale mail        ||     6
Dodge: Dodged            ||     9
Block: Buckler           ||     2

Table legend: (Time is in decaauts)
 A = Elapsed time spent in this place.
 B = Non-inter-level travel time spent in this place.
 C = Inter-level travel time spent in this place.
 D = Time resting spent in this place.
 E = Time spent auto-exploring this place.
 F = Levels seen in this place.
 G = Mean time per level.
                   A        B        C        D        E       F      G
               +--------+--------+--------+--------+--------+-----+--------+
         Total |    180 |    180 |      0 |      0 |    150 |   1 |  180.0 |
       Dungeon |    180 |    180 |      0 |      0 |    150 |   1 |  180.0 |
               +--------+--------+--------+--------+--------+-----+--------+

Top non-repeatable levels by time:
     D:1: 180 daAuts
